Map: Odyssey LE

Players

noobling - Winner!

  • Race: Protoss Protoss
  • League: Platinum
  • Spawn Location: 5:00

A.I. 1 (Very Easy)

  • Race: Zerg Zerg
  • Spawn Location: 11:00

VOD

Have the link to the VOD?

Description

Time

  • Played on: July 19, 2017, 11:29 p.m.
  • Length: 6:37
Show
View Real Time Build Order
Export as new Build Order

noobling Protoss - Winner!

Build Orders: 1 Gate Expand 

Get SALT Encoding   

  12  0:03  Probe (Chrono Boost)  
  14  0:14  Probe (Chrono Boost)  
  14  0:21  Pylon  
  14  0:24  Probe (Chrono Boost)  
  15  0:39  Probe (Chrono Boost)  
  15  0:42  Gateway  
  16  0:50  Probe (Chrono Boost)  
  17  1:02  Probe (Chrono Boost)  
  18  1:13  Probe (Chrono Boost)  
  19  1:25  Nexus  
  19  1:29  Cybernetics Core  
  19  1:35  Assimilator  
  19  1:38  Assimilator  
  19  1:41  Probe (Chrono Boost)  
  20  1:50  Pylon  
  21  2:01  Probe (Chrono Boost)  
  21  2:03  Zealot  
  23  2:10  Warp Gate  
  23  2:12  Probe (Chrono Boost)  
  24  2:21  Pylon  
  24  2:22  Probe (Chrono Boost)  
  25  2:30  Stalker  
  27  2:38  Mothership Core (Chrono Boost)  
  27  2:39  Probe (Chrono Boost)  
  30  2:50  Probe (Chrono Boost)  
  31  2:56  Probe (Chrono Boost)  
  32  3:02  Twilight Council, Probe (Chrono Boost)  
  33  3:07  Probe (Chrono Boost)  
  35  3:12  Probe (Chrono Boost)  
  35  3:15  Robotics Facility  
  35  3:18  Probe (Chrono Boost)  
  36  3:23  Probe (Chrono Boost)  
  37  3:29  Probe (Chrono Boost)  
  37  3:33  Probe (Chrono Boost)  
  39  3:39  Charge (Chrono Boost), Probe (Chrono Boost)  
  40  3:56  Gateway  
  40  3:57  Gateway  
  40  3:59  Gateway  
  40  4:00  Warp Prism (Chrono Boost)  
  40  4:01  Gateway  
  42  4:14  Gateway  
  42  4:15  Gateway  
  42  4:20  Gateway  
  42  4:25  Gateway  
  42  4:29  Pylon  
  42  4:32  Warp Prism, Pylon  
  44  4:58  Zealot x4  
  52  5:25  Pylon x2  
  52  5:32  Zealot x2  
  52  5:33  Zealot x5  
  52  5:34  Zealot  
  52  5:35  Zealot  
  70  5:42  Observer, Pylon x2  
  70  5:49  Probe  
  72  5:52  Probe  
  72  5:56  Zealot  
  72  5:57  Zealot x4  
  79  6:01  Probe  
  82  6:06  Zealot x3  
  88  6:17  Zealot x3  
  94  6:24  Templar Archives  
  96  6:34  Zealot x2  
Show
View Real Time Build Order
Export as new Build Order

A.I. 1 (Very Easy) Zerg 

Build Orders: Hatch First 

Get SALT Encoding   

  12  0:01  Drone  
  13  0:12  Overlord  
  13  0:16  Drone  
  14  0:44  Hatchery  
  14  0:46  Drone  
  14  1:04  Spawning Pool  
  14  1:05  Extractor  
  14  1:08  Drone  
  13  1:16  Drone  
  14  1:21  Overlord  
  14  1:50  Zergling x2  
  14  1:53  Zergling x2, Queen  
  18  2:05  Roach Warren  
  18  2:07  Extractor  
  16  2:11  Drone  
  17  2:18  Drone  
  17  2:20  Zergling x2  
  19  2:25  Drone  
  20  2:32  Drone  
  21  2:39  Drone  
  22  2:47  Drone  
  23  2:54  Drone  
  24  3:01  Drone  
  25  3:08  Drone  
  25  3:09  Roach  
  28  3:14  Overlord  
  28  3:18  Drone  
  29  3:26  Drone  
  30  3:33  Lair, Drone  
  31  3:45  Drone  
  32  3:53  Drone  
  33  3:58  Roach  
  33  4:00  Drone  
  33  4:02  Overlord  
  36  4:07  Drone  
  37  4:14  Drone  
  38  4:21  Drone  
  39  4:28  Drone  
  39  4:30  Overseer  
  40  4:33  Overseer  
  40  4:36  Drone  
  41  4:43  Drone  
  42  4:46  Ravager  
  42  4:47  Overlord, Roach  
  42  4:49  Extractor  
  42  4:50  Drone  
  45  4:58  Drone  
  46  5:05  Drone  
  47  5:09  Extractor  
  47  5:12  Drone  
  47  5:19  Drone  
  48  5:26  Drone  
  49  5:34  Drone  
  50  5:41  Overlord, Drone, Zergling x2  
  50  5:48  Drone  
  35  5:55  Drone  
  29  6:02  Drone  
  20  6:09  Drone  
  20  6:10  Roach  
  22  6:17  Drone  
  22  6:24  Drone  
Tags
 
Add a new tag
Caveats
  • Supply blocks, unpowered buildings, or Contaminate may cause inaccurate times.
  • Supply counts are checked every 10 seconds.